General information
- name: BNet
- type: Ladder 1vs1/FFA
- host: Battle.net
- saver: BEAR_AND
map: TerenasStand
- players: 2
- length: 09:53
- speed: Fast
- version: 1.21 W3XP
- replay type:

» download(24 KB)
Players
team 1 (loser)
Unforgiven212 (
pink | 10 APM | 100 actions | 09:52)
1 Demon Hunter
1 Mana Burn
» actions
| Build / train | 11 | |
| Enter build submenu | 5 | |
| Enter hero's abilities submenu | 1 | |
| Right click | 35 | |
| Select / deselect | 42 | |
| Use ability | 6 | |
100 total
» units
» buildings
| Altar of Elders | 1 | |
| Moon Well | 2 | |
| Hunter's Hall | 1 | |
| Tree of Life | 1 | |
5 total
» build order
00:23 Altar of Elders
00:36 Moon Well
01:08 Hunter's Hall
01:35 Moon Well
04:31 Tree of Life
team 2 (winner)
BEAR_AND (
red | 70 APM | 693 actions | 09:53)
1 Archmage
1 Summon Water Elemental
» actions
| Assign group hotkey | 7 | |
| Basic commands | 1 | |
| Build / train | 40 | |
| Enter build submenu | 24 | |
| Enter hero's abilities submenu | 1 | |
| Remove unit from queue | 1 | |
| Right click | 399 | |
| Select / deselect | 124 | |
| Select group hotkey | 59 | |
| Use ability | 37 | |
693 total
» units
» upgrades
» buildings
| Altar of Kings | 2 | |
| Farm | 2 | |
| Lumber Mill | 1 | |
| Scout Tower | 17 | |
| Guard Tower | 14 | |
| Arcane Tower | 2 | |
| Town Hall | 2 | |
| Arcane Vault | 1 | |
41 total
» build order
00:07 Altar of Kings
00:09 Altar of Kings
00:18 Farm
00:34 Lumber Mill
01:51 Scout Tower
01:52 Scout Tower
01:53 Scout Tower
02:18 Farm
02:21 Guard Tower
02:22 Guard Tower
02:27 Arcane Tower
03:21 Scout Tower
03:21 Scout Tower
03:22 Scout Tower
03:50 Scout Tower
03:51 Scout Tower
04:05 Town Hall
04:19 Guard Tower
04:20 Arcane Tower
04:29 Guard Tower
04:46 Guard Tower
05:30 Arcane Vault
05:59 Scout Tower
06:19 Scout Tower
06:35 Guard Tower
06:37 Scout Tower
06:50 Scout Tower
06:55 Scout Tower
06:56 Scout Tower
07:07 Guard Tower
07:08 Scout Tower
07:20 Guard Tower
07:24 Scout Tower
07:33 Guard Tower
07:56 Guard Tower
07:57 Guard Tower
08:05 Guard Tower
08:45 Guard Tower
08:46 Scout Tower
09:14 Guard Tower
09:32 Town Hall
Chat log
(02:55 / All) BEAR_AND: gg
(03:02 / All) Unforgiven212: gay ass tactic
(03:04 / All) BEAR_AND: OWNED
(03:25 / All) BEAR_AND: leave
(03:26 / All) BEAR_AND: leave
(03:27 / All) BEAR_AND: Leave
(03:27 / All) BEAR_AND: Leave
(03:28 / All) BEAR_AND: leave
(03:29 / All) BEAR_AND: leave
(03:35 / All) Unforgiven212: no skill im guessin
(03:37 / All) BEAR_AND: nah i own noobs however i feel like it............noob
(03:42 / All) BEAR_AND: can't beat towers?????
(03:45 / All) BEAR_AND: shit noob?????
(03:51 / All) Unforgiven212: lol go to bed kid
(03:54 / All) BEAR_AND: thanks for free win
(04:32 / All) BEAR_AND: lmao....bye
(04:45 / All) BEAR_AND: how embarrassing....losing to tower
(04:58 / All) Unforgiven212: even sad u had to result to that to win
(05:09 / All) BEAR_AND: do you think it's "low"
(05:13 / All) BEAR_AND: do you think it's "bad manner"
(05:21 / All) BEAR_AND: well a bad manner lowskill strat just Owned Your Face
(05:31 / All) Unforgiven212: Dude I bet your fat fingers r geting tired typing that fast
(05:32 / All) Unforgiven212: lmao
(05:36 / All) BEAR_AND: 1v1?
(05:38 / All) BEAR_AND: wait a min....
(05:41 / All) BEAR_AND: i just beat you in one
(05:46 / All) Unforgiven212: hahahaha
(05:50 / All) BEAR_AND: http://highper.ch for all replays of Towers Owning Shit Noobs
(06:15 / All) Unforgiven212: bet your fingers r sweating like a mother fucker
(06:21 / All) BEAR_AND: nah they cool & fresh
(06:33 / All) Unforgiven212: You suck at talkin shit bro so Id quit tryin
(06:33 / All) BEAR_AND: projecting your weight related selfconsciousness??
(06:42 / All) Unforgiven212: ya thats it
(06:43 / All) Unforgiven212: lmao
(06:44 / All) BEAR_AND: you suck at winning games so i'd quit trying LOL
(06:58 / All) Unforgiven212: stop bro u suck at this talking shit thing im telling
(07:04 / All) BEAR_AND: angry???
(07:04 / All) Unforgiven212: u its u its funny
(07:05 / All) BEAR_AND: lmfao
(07:14 / All) BEAR_AND: little nerd child angry he lost
(07:16 / All) Unforgiven212: nah trying to give ya some advice
(07:25 / All) Unforgiven212: lol
(07:30 / All) Unforgiven212: sure bro u got me figured out
(07:36 / All) Unforgiven212: lol
(07:37 / All) BEAR_AND: a noob????
(07:39 / All) BEAR_AND: yep
(07:45 / All) Unforgiven212: ouch?
(07:47 / All) BEAR_AND: listen if you want this win bad enough
(07:51 / All) BEAR_AND: you can buy it for $3
(07:54 / All) BEAR_AND: http://highper.ch/win
(08:01 / All) BEAR_AND: we accept paypal and all major credit cards
(08:15 / All) Unforgiven212: what do u work for a company or sumthin
(08:31 / All) BEAR_AND: yeah Highperch Industries Inc. and Co., United We Stand
(08:38 / All) BEAR_AND: how's it feel? i made money owning you
(08:42 / All) BEAR_AND: you just got embarrassed
(08:51 / All) Unforgiven212: lol got killed by a chink
(08:52 / All) Unforgiven212: sad lol
(08:56 / All) BEAR_AND: please no racism
(09:06 / All) Unforgiven212: ok..lol
(09:11 / All) Unforgiven212: chink stfu
(09:11 / All) BEAR_AND: our shareholders don't like
(09:17 / All) BEAR_AND: again i say
(09:24 / All) BEAR_AND: http://highper.ch for ownage replays thanks for watching
(09:25 / All) Unforgiven212: Lol asian prick stfu
(09:37 / All) BEAR_AND: if only you knew how noob you are
(09:44 / All) BEAR_AND: begone
(09:46 / All) Unforgiven212: Promise?
(09:47 / All) BEAR_AND: noob filth
(09:50 / All) BEAR_AND: kiss my feet